 Dungeon Crawl Stone Soup version 0.25-a0-834-g55863b0b92 (webtiles) character file.

Game seed: 17731223986396708123, levelgen mode: deterministic

315 unvid the Digger (level 6, 0/41 HPs)
             Began as a Mummy Earth Elementalist on Apr 22, 2020.
             Slain by a scorpion (4 damage)
             ... on level 4 of the Dungeon.
             The game lasted 00:04:36 (3083 turns).

unvid the Digger (Mummy Earth Elementalist)         Turns: 3083, Time: 00:04:37

Health: 0/41       AC:  5    Str: 12    XL:     6   Next: 19%
Magic:  10/10      EV: 12    Int: 16    God:
Gold:   101        SH:  4    Dex: 12    Spells: 9/10 levels left

rFire    x . .     SeeInvis .   a - +0 spear
rCold    + . .     Gourm    .   f - +0 buckler
rNeg     + + +     Faith    .   c - +0 robe
rPois    ∞         Spirit   .   m - +0 helmet
rElec    .         Reflect  .   i - +0 cloak
rCorr    .         Harm     .   (no gloves)
MR       .....                  k - +0 pair of boots
Stlth    ++........             (no amulet)
HPRegen  0.13/turn              (no ring)
MPRegen  0.12/turn              (no ring)

@: no status effects
A: no food or potions, fire vulnerability, cold resistance 1, negative energy
resistance 3, torment resistance, unbreathing
a: no special abilities


You were on level 4 of the Dungeon.
You were not hungry.

You visited 1 branch of the dungeon, and saw 4 of its levels.

You collected 101 gold pieces.

Inventory:

Hand Weapons
 a - a +0 spear (weapon)
 e - a +0 dagger
Missiles
 j - 2 silver javelins (quivered)
Armour
 c - a +0 robe (worn)
 f - a +0 buckler (worn)
 i - a +0 cloak (worn)
 k - a +0 pair of boots (worn)
 m - a +0 helmet (worn)
Wands
 n - a wand of enslavement (10)
Scrolls
 d - a scroll of teleportation
 g - a scroll of blinking {unknown}
 h - a scroll of fog
 l - 2 scrolls of noise {unknown}
 o - a scroll of magic mapping


   Skills:
 - Level 1.5 Dodging
 - Level 1.5 Stealth
 + Level 3.1 Shields
 - Level 2.6 Spellcasting
   Level 0.7 Transmutations
 + Level 4.6 Earth Magic


You had 9 spell levels left.
You knew the following spells:

 Your Spells              Type           Power        Failure   Level  Hunger
a - Sandblast             Erth           ###...       3%          1    N/A

Your spell library contained the following spells:

 Spells                   Type           Power        Failure   Level  Hunger
 Passwall                 Tmut/Erth      ##......     11%         2    N/A
 Stone Arrow              Conj/Erth      #.....       24%         3    N/A
 Petrify                  Tmut/Erth      ##......     56%         4    N/A
 Lee's Rapid Deconstruct  Erth           ###.......   65%         5    N/A

Dungeon Overview and Level Annotations

Branches:
Dungeon (4/15)
 Temple: D:4-7

Altars:
Cheibriados
Nemelex Xobeh
Ru
Wu Jian


Innate Abilities, Weirdness & Mutations

You do not eat or drink.
Your flesh is vulnerable to fire.
You are immune to poison.
Your flesh is cold resistant. (rC+)
You are immune to negative energy. (rN+++)
You are immune to unholy pain and torment.
You can survive without breathing.


Message History

Aim: a scorpion (severely wounded)
You don't have any stones to cast with.
Casting: Sandblast (safe; 3% risk of failure)
Confirm with . or Enter, or press ? or * to list all spells.
Aiming: Sandblast (safe; 3% risk of failure)
Press: ? - help, Shift-Dir - straight line, f/p - scorpion
Aim: a scorpion (severely wounded)
You don't have any stones to cast with.
Okay, then.
The crimson imp shouts, "Quit, thou feeble tightly wound slabber!"
The crimson imp blinks!
Things that are here:
a +0 flail; an orc corpse x2
Throwing (i - inventory)
j - 3 silver javelins (quivered)
Press: ? - help, Shift-Dir - straight line, f/p - scorpion
Aim: a scorpion (severely wounded)
You throw a silver javelin.
The silver javelin closely misses the scorpion.
The scorpion stings you.
You die...

#...(...†# #........#
#.##.#.### #.##.#.###
#.##.....#
##########.####.##......
#.......##.####.# .#.#<
####<##s.....# ..
#.....@)...### .#
.....##.#####.# .. #.##
#.##.....$# .
..##.##.#.# ##### #...#
... # .... Y... ##...#


You could see a scorpion.

Vanquished Creatures
  Sigmund (D:2)
  Terence (D:2)
  8 adders
  A worm (D:3)
  2 leopard geckos (D:1)
  3 orcs (D:4)
  2 ball pythons (D:2)
  5 bats
  A giant cockroach (D:2)
  5 goblins
  7 hobgoblins
  A quokka (D:2)
  6 frilled lizards
  9 kobolds
  9 rats
61 creatures vanquished.

Notes
Turn   | Place    | Note
-------+----------+-------------------------------------------
     0 | D:1      | unvid the Mummy Earth Elementalist began the quest for the
                  | Orb.
     0 | D:1      | Reached XP level 1. HP: 13/13 MP: 4/4
   205 | D:1      | Reached XP level 2. HP: 14/19 MP: 5/5
   227 | D:1      | Reached skill level 3 in Earth Magic
   969 | D:2      | Reached XP level 3. HP: 14/24 MP: 0/7
   971 | D:2      | Noticed Sigmund
  1131 | D:2      | Killed Sigmund
  1131 | D:2      | Reached skill level 4 in Earth Magic
  1131 | D:2      | Reached XP level 4. HP: 26/30 MP: 2/8
  1131 | D:2      | Reached XP level 5. HP: 30/35 MP: 2/9
  1339 | D:2      | Found a sparkling altar of Nemelex Xobeh.
  1375 | D:2      | Noticed Terence
  1427 | D:2      | Killed Terence
  1900 | D:2      | Reached XP level 6. HP: 39/41 MP: 7/10
  2086 | D:3      | Found an ornate altar of the Wu Jian Council.
  2278 | D:3      | Found a snail-covered altar of Cheibriados.
  2405 | D:3      | Found a sacrificial altar of Ru.
  2953 | D:4      | Noticed an ice beast
  3062 | D:4      | HP: 1/41 [scorpion (10)]
  3083 | D:4      | Slain by a scorpion

Levels and vault maps discovered:
D:1:      moated_graveyard_arrival, layout_basic, lemuel_old_faithful
D:2:      layout_basic, lemuel_doored_altar, uniq_sigmund, uniq_terence
D:3:      layout_loops_cross, cheibriados_altar_1,
          nicolae_overflow_crystal_walls, old_standard_altar
D:4:      layout_loops_cross, lemuel_coloured_pillars_altar,
          overflow_temple_1_default, overflow_temple_1_default, first_ration,
          st_stairs_9

Skill      XL: |  1  2  3  4  5 |
---------------+----------------+-----
Earth Magic    | 3 4 |  4.6
Shields        | 2 3 |  3.1
Dodging        | |  1.5
Stealth        | |  1.5
Spellcasting   | |  2.6
Transmutations | |  0.7

Action                   |  1- 3 |  4- 6 || total
-------------------------+-------+-------++-------
Melee: Dagger            |    17 |    17 ||    34
       Spear             |       |   148 ||   148
Throw: Stone             |     4 |       ||     4
       Javelin           |       |    15 ||    15
 Cast: Sandblast         |    31 |    34 ||    65
  Use: Scroll            |     1 |     4 ||     5
 Stab: Sleeping          |     3 |     4 ||     7
Armor: Robe              |     4 |    34 ||    38
Dodge: Dodged            |    14 |    95 ||   109
Block: Buckler           |       |    30 ||    30

Table legend:
 A = Non-vault XP
 B = Vault XP
 C = Vault XP percentage of total XP
 D = Non-vault monster count
 E = Vault monster count
 F = Vault count percentage of total count
                 A         B        C        D         E       F
            +---------+---------+-------+---------+---------+-------
      Total |     191 |     259 |  57.6 |      59 |       2 |   3.3
            +---------+---------+-------+---------+---------+-------
        D:1 |      28 |       0 |   0.0 |      17 |       0 |   0.0
        D:2 |     106 |     259 |  71.0 |      25 |       2 |   7.4
        D:3 |      34 |       0 |   0.0 |      12 |       0 |   0.0
        D:4 |      23 |       0 |   0.0 |       5 |       0 |   0.0
            +---------+---------+-------+---------+---------+-------
